 Dungeon Crawl Stone Soup version 0.27-a0-577-ge2a43ba0c9 (webtiles) character file.

Game seed: 3838755892660530388

0 Azunone the Grasshopper (level 1, -1/20 HPs)
             Began as a Gnoll Wanderer on Mar 9, 2021.
             Slain by a gnoll
             ... wielding a +0 club
              (2 damage)
             ... on level 1 of the Dungeon.
             The game lasted 00:00:43 (40 turns).

Azunone the Grasshopper (Gnoll Wanderer)              Turns: 40, Time: 00:00:43

Health: -1/20      AC:  2    Str:  9    XL:     1   Next: 10%
Magic:  1/1        EV:  8    Int: 14    God:
Gold:   16         SH:  7    Dex: 10    Spells: 0/0 levels left

rFire    . . .     SeeInvis .   b - +0 short sword (venom)
rCold    . . .     Faith    .   e - +0 kite shield
rNeg     . . .     Spirit   .   d - +0 robe
rPois    .         Reflect  .   (no helmet)
rElec    .         Harm     .   (no cloak)
rCorr    .         Rampage  .   (no gloves)
Will     .....                  (no boots)
Stlth    +.........             (no amulet)
HPRegen  0.06/turn              (no ring)
MPRegen  0.07/turn              (no ring)

@: no status effects
A: fangs 1, strong nose, distributed training
a: no special abilities


You were on level 1 of the Dungeon.
You visited 1 branch of the dungeon, and saw 1 of its levels.

You collected 16 gold pieces.

Inventory:

Hand Weapons
 a - a +0 dagger
 b - a +0 short sword of venom (weapon)
Armour
 d - a +0 robe (worn)
 e - a +0 kite shield (worn)


   Skills:
 + Level 4.4 Fighting
 + Level 2.3 Short Blades
 + Level 0.0 Long Blades
 + Level 0.0 Axes
 + Level 0.0 Maces & Flails
 + Level 0.0 Polearms
 + Level 0.0 Staves
 + Level 0.0 Slings
 + Level 0.0 Bows
 + Level 0.0 Crossbows
 + Level 2.3 Throwing
 + Level 0.0 Armour
 + Level 0.0 Dodging
 + Level 0.0 Stealth
 + Level 2.3 Shields
 + Level 0.0 Unarmed Combat
 + Level 0.0 Spellcasting
 + Level 3.6 Conjurations
 + Level 0.0 Hexes
 + Level 0.0 Summonings
 + Level 0.0 Necromancy
 + Level 5.3 Translocations
 + Level 0.0 Transmutations
 + Level 0.0 Fire Magic
 + Level 0.0 Ice Magic
 + Level 0.0 Air Magic
 + Level 0.0 Earth Magic
 + Level 0.0 Poison Magic
 + Level 0.0 Invocations
 + Level 0.0 Evocations


You couldn't memorise any spells.
You didn't know any spells.
Your spell library contained the following spells:

 Spells                   Type           Power      Damage    Failure   Level
 Apportation              Tloc           28%        N/A       17%         1
 Gell's Gravitas          Tloc           7%         N/A       45%         3
 Foxfire                  Conj/Fire      20%        2x1d5     58%         1
 Inner Flame              Hex/Fire       0%         N/A       99%         3


Dungeon Overview and Level Annotations

Branches:
Dungeon (1/15)

Altars:


Innate Abilities, Weirdness & Mutations

You have very sharp teeth.
Your uncanny sense of smell can sniff out nearby items.
Your experience applies equally to all skills.


Message History

The iron dragon roars deafeningly!
The ice dragon roars deafeningly!
The iron dragon roars deafeningly!
Found an escape hatch in the floor.
Okay, then.
The ice dragon roars deafeningly!
Found a runed short sword.
You open the door.
A gnoll comes into view. It is wielding a +0 club.
The gnoll shouts!
A rat comes into view.
There is an open door here.
You closely miss the gnoll. The gnoll barely misses you.
You hit the gnoll but do no damage. Your bite misses the gnoll.
The gnoll hits you with a +0 club.
You hit the gnoll but do no damage. The gnoll hits you with a +0 club!
* * * LOW HITPOINT WARNING * * *
You are too injured to fight recklessly!
You are too injured to fight recklessly!
You are too injured to fight recklessly!
You hit the gnoll but do no damage.
A hobgoblin comes into view.
The gnoll hits you with a +0 club.
* * * LOW HITPOINT WARNING * * *
You see here a +0 short sword of venom.
b - a +0 short sword of venom The gnoll hits you but does no damage.
Your +0 short sword of venom begins to drip with poison!
b - a +0 short sword of venom (weapon)
You hit the gnoll but do no damage.
The gnoll is poisoned.
You block the gnoll's attack.
You hit the rat.
The rat is poisoned.
The rat is heavily wounded.
You kill the rat!
The gnoll hits you with a +0 club.
* * * LOW HITPOINT WARNING * * *
You barely miss the gnoll.
The gnoll is moderately wounded.
You block the gnoll's attack. The gnoll hits you with a +0 club.
You die...

.... ... #.. #.# ###
######.# #^#####
#D#X##'##
###X#D#########...###
..#####X#D#....†g.#D#
......#####.###.@.###
#####.......#D##+##
#^#^###########
#####d#D#D#D#
#########


You could see a golden dragon, an ice dragon and a gnoll (very poisoned).

Vanquished Creatures
  A rat (D:1)
1 creature vanquished.

Notes
Turn   | Place    | Note
-------+----------+-------------------------------------------
     0 | D:1      | Azunone the Gnoll Wanderer began the quest for the Orb.
     0 | D:1      | Azunone set off with the following items: a +0 dagger, a +0
                  | robe, a +0 kite shield; and the following spells available
                  | to memorise: Apportation, Gell's Gravitas, Foxfire, Inner
                  | Flame
     0 | D:1      | Reached XP level 1. HP: 20/20 MP: 1/1
     0 | D:1      | Noticed a yellow draconian
     0 | D:1      | Noticed an orb of fire
     1 | D:1      | Noticed an orb of fire
     3 | D:1      | Noticed an iron dragon
     5 | D:1      | Noticed an orb of fire
     6 | D:1      | Noticed an iron dragon
     7 | D:1      | Noticed an iron dragon
    11 | D:1      | Noticed a tentacled monstrosity
    14 | D:1      | Noticed an iron dragon
    14 | D:1      | Noticed a black draconian
    16 | D:1      | Noticed a tentacled monstrosity
    16 | D:1      | Noticed an iron dragon
    16 | D:1      | Noticed an ice dragon
    18 | D:1      | Noticed an iron dragon
    18 | D:1      | Noticed a golden dragon
    18 | D:1      | Noticed a shadow dragon
    20 | D:1      | Noticed a large abomination
    20 | D:1      | Noticed a shadow dragon
    22 | D:1      | Noticed an ice dragon
    39 | D:1      | HP: 1/20 [gnoll/+0 club (2)]
    40 | D:1      | Slain by a gnoll

Illustrated notes

Levels and vault maps discovered:
D:1:      shiori_arrival_whats_in_store_for_you, layout_basic

Action                   || total
-------------------------++-------
Melee: Dagger            ||     4
       Short sword       ||     3
Dodge: Dodged            ||     1
Block: Kite shield       ||     2

Table legend: (Time is in decaauts)
 A = Elapsed time spent in this place.
 B = Non-inter-level travel time spent in this place.
 C = Inter-level travel time spent in this place.
 D = Time resting spent in this place.
 E = Time spent auto-exploring this place.
 F = Levels seen in this place.
 G = Mean time per level.
                   A        B        C        D        E       F      G
               +--------+--------+--------+--------+--------+-----+--------+
         Total |     40 |     40 |      0 |      0 |     27 |   1 |   40.0 |
       Dungeon |     40 |     40 |      0 |      0 |     27 |   1 |   40.0 |
               +--------+--------+--------+--------+--------+-----+--------+

Top non-repeatable levels by time:
     D:1: 40 daAuts
